 Dungeon Crawl Stone Soup version 0.17-a0-1485-g22cb0ee (webtiles) character file.

1146 urechis the Grappler (level 8, -3/74 HPs)
             Began as a Troll Monk on July 5, 2015.
             Slain by a hound (5 damage)
             ... on level 6 of the Dungeon.
             The game lasted 00:05:46 (3623 turns).

urechis the Grappler (Troll Monk)                   Turns: 3623, Time: 00:05:46

Health: -3/74      AC:  6    Str: 20    XL:     8   Next: 15%
Magic:  7/7        EV: 10    Int:  6    God:
Gold:   232        SH:  0    Dex: 14    Spells: 0 memorised, 7 levels left

rFire  . . .     SeeInvis .       - Unarmed
rCold  . . .     Clarity  .     a - +0 robe
rNeg   . . .     SustAt   .     (no shield)
rPois  .         Gourm    +     (helmet restricted)
rElec  .         Spirit   .     x - +0 cloak
rCorr  .         Warding  .     (gloves unavailable)
rMut   .         Stasis   .     (boots unavailable)
MR     .....                    (no amulet)
Stlth  ++........               (no ring)
                                (no ring)

@: lethally poisoned (-3 -> -3), not resistant to hostile enchantments,
unstealthy
A: unfitting armour, claws 3, fast metabolism 3, gourmand, regeneration 2,
shaggy fur 1, tough skin 2
a: no special abilities


You were on level 6 of the Dungeon.
You were very full.

You visited 2 branches of the dungeon, and saw 7 of its levels.

You collected 232 gold pieces.

Inventory:

Armour
 a - a +0 robe (worn)
 x - a +0 cloak (worn)
Rods
 h - a +1 rod of shadows (9/9)
   (You found it on level 2 of the Dungeon)
Jewellery
 y - an uncursed ring of protection from cold {unknown}
Scrolls
 c - 4 scrolls of identify {unknown}
 d - a scroll of blinking {unknown}
 g - 2 scrolls of amnesia {unknown}
 k - a scroll of teleportation {unknown}
 n - 2 scrolls of enchant armour {unknown}
 p - 2 scrolls of immolation {unknown}
 q - a scroll of recharging {unknown}
 s - 2 scrolls of remove curse {unknown}
 v - a scroll of fog {unknown}
Potions
 e - 2 potions of might {unknown}
 l - a potion of agility {unknown}
 m - a potion of degeneration {unknown}
 o - a potion of curing {unknown}
 r - a potion of resistance {unknown}
 t - a potion of haste {unknown}
 w - a potion of magic {unknown}
Comestibles
 b - 8 bread rations
 f - a slice of pizza
 i - a beef jerky
 j - 3 meat rations
 u - a royal jelly


   Skills:
 - Level 2.4 Fighting
 - Level 2.4 Dodging
 - Level 1.1 Stealth
 + Level 10.4 Unarmed Combat


You had 7 spell levels left.
You didn't know any spells.

Dungeon Overview and Level Annotations

Branches:
Dungeon (6/15)             Temple (1/1) D:4

Altars:
Ashenzari
Cheibriados
Dithmenos
Elyvilon
Fedhas
Gozag
Kikubaaqudgha
Makhleb
Nemelex Xobeh
Okawaru
Qazlal
Ru
Sif Muna
Trog
Vehumet
Xom
Yredelemnul
The Shining One


Innate Abilities, Weirdness & Mutations

You are too large for most types of armour.
You have claws for hands.
Your metabolism is lightning-fast.
You like to eat raw meat.
You heal very quickly.
You are covered in fur (AC +1).
You have very tough skin (AC +2).


Message History

* * * LOW HITPOINT WARNING * * *
The hound bites you but does no damage.
You scratch the centaur.
The centaur is almost dead.
You feel sick. The hound barely misses you. The centaur barely misses you.
You scratch the centaur but do no damage.
The centaur is almost dead.
The hound barely misses you.
The centaur hits you but does no damage.
You barely miss the centaur.
The centaur is almost dead.
You feel sick. The hound bites you.
* * * LOW HITPOINT WARNING * * *
The centaur hits you!
* * * LOW HITPOINT WARNING * * *
The centaur closely misses you. The hound closely misses you.
You scratch the centaur. You claw the centaur.
You kill the centaur!
The hound bites you.
You die...

...................#
...........########.#
##.##.....## ...
##.....## ##
##(....## ##..(...>##
#(........#
#.!.......#
#....@)...#
##...†h..## #.......#
#.....#.# #.......#
##.###### #. #.


You could see a hound.

Vanquished Creatures
  Grinder (D:3)
  2 ogres
  A centaur (D:6)
  A phantom (D:4)
  A scorpion (D:6)
  A crimson imp (D:6)
  A centaur zombie (D:5)
  2 hounds (D:4)
  A jelly (D:5)
  2 iguanas (D:5)
  A giant frog zombie (D:6)
  2 orc priests
  A worker ant (D:5)
  A giant frog skeleton (D:6)
  A hound skeleton (D:6)
  7 gnolls
  2 adders
  A shadow imp (D:6)
  3 worms
  4 giant geckos
  10 orcs
  A ball python (D:5)
  12 bats
  A bat skeleton (D:5)
  A bat zombie (D:6)
  10 hobgoblins
  4 jackals (D:2)
  2 quokkas
  6 giant cockroaches
  5 giant newts
  18 goblins
  11 kobolds
  13 rats
130 creatures vanquished.

Notes
Turn   | Place    | Note
--------------------------------------------------------------
     0 | D:1      | urechis the Troll Monk began the quest for the Orb.
     0 | D:1      | Reached XP level 1. HP: 22/22 MP: 0/0
   267 | D:1      | Reached XP level 2. HP: 29/29 MP: 1/1
   993 | D:2      | Reached skill level 5 in Unarmed Combat
   993 | D:2      | Reached XP level 3. HP: 34/36 MP: 2/2
  1409 | D:3      | Noticed Grinder
  1420 | D:3      | Paralysed by Grinder for 2 turns
  1428 | D:3      | Killed Grinder
  1428 | D:3      | Reached skill level 7 in Unarmed Combat
  1428 | D:3      | Reached XP level 4. HP: 36/44 MP: 3/3
  1428 | D:3      | Reached XP level 5. HP: 40/50 MP: 4/4
  1543 | D:3      | Reached XP level 6. HP: 57/59 MP: 5/5
  1797 | D:4      | Found a blossoming altar of Fedhas.
  1848 | D:4      | Reached skill level 8 in Unarmed Combat
  2266 | D:4      | Reached XP level 7. HP: 58/66 MP: 6/6
  2453 | D:4      | Found a staircase to the Ecumenical Temple.
  2518 | Temple   | Entered the Ecumenical Temple
  2754 | D:5      | Entered Level 5 of the Dungeon
  2812 | D:5      | Reached skill level 9 in Unarmed Combat
  3476 | D:6      | Reached skill level 10 in Unarmed Combat
  3546 | D:6      | Reached XP level 8. HP: 74/74 MP: 7/7
  3622 | D:6      | HP: 2/74 [centaur (7)]
  3623 | D:6      | Slain by a hound

Vault maps used:
D:1:      minmay_arrival_jagged
D:2:      st_stairs_1
D:3:      uniq_grinder
D:4:      minmay_temple_entry_mist, fedhas_altar_2
D:5:      first_bread
Temple:   minmay_crystal_snake_temple_18

Action                   |  1- 3 |  4- 6 |  7- 9 || total
-------------------------+-------+-------+-------++-------
Melee: Unarmed           |   121 |   100 |   134 ||   355
 Stab: Distracted        |     1 |       |     1 ||     2
       Sleeping          |       |     2 |       ||     2
  Eat: Chunk             |    15 |     8 |    14 ||    37
